 Dungeon Crawl Stone Soup version 0.20.1-1-g8b1a95d66d (webtiles) character file.

81 4FPSwarrior the Grasshopper (level 4, -6/34 HPs)
             Began as a Demonspawn Warper on Dec 3, 2017.
             Mangled by Pixllover's ghost (8 damage)
             ... on level 3 of the Dungeon.
             The game lasted 00:08:32 (2335 turns).

4FPSwarrior the Grasshopper (Demonspawn Warper)     Turns: 2335, Time: 00:08:34

Health: -6/34      AC:  4    Str: 13    XL:     4   Next: 19%
Magic:  5/8        EV: 17    Int: 14    God:
Gold:   146        SH:  0    Dex: 17    Spells: 2/7 levels left

rFire    + . .     SeeInvis .   g - +2 spear (freeze)
rCold    . . .     Gourm    .   (no shield)
rNeg     . . .     Faith    .   b - +1 leather armour
rPois    .         Spirit   .   (no helmet)
rElec    .         Reflect  .   (no cloak)
rCorr    .         Harm     .   (no gloves)
MR       .....                  (no boots)
Stlth    ++++......             (no amulet)
Regen    0.2/turn               m - ring of stealth
MPRegen  0.2/turn               (no ring)

@: agile, very slightly contaminated
A: blink, demonic guardian 1, fire resistance 1, high mp 1, nightstalker 1
a: Blink


You were on level 3 of the Dungeon.
You were not hungry.

You visited 1 branch of the dungeon, and saw 3 of its levels.

You collected 146 gold pieces.

Inventory:

Hand Weapons
 a - a +0 falchion
 g - a +2 spear of freezing (weapon)
Missiles
 e - 3 tomahawks of dispersal (quivered)
Armour
 b - a +1 leather armour (worn)
Jewellery
 m - a ring of stealth (left hand)
Scrolls
 d - a scroll of blinking
 k - 2 scrolls of immolation
 l - a scroll of enchant armour
 n - a scroll of remove curse {unknown}
 q - 2 scrolls of identify {unknown}
 r - a scroll of teleportation {unknown}
Potions
 j - a potion of might {unknown}
 p - 2 potions of mutation
 s - a potion of cancellation {unknown}
Books
 c - a book of Spatial Translocations

   Spells                             Type                      Level
   a - Blink                          Translocation                2
   b - Shroud of Golubria             Charms/Translocation         2
   c - Lesser Beckoning               Translocation                3
   d - Gell's Gravitas                Translocation                3
   e - Teleport Other                 Translocation                3
   f - Passage of Golubria            Translocation                4
Comestibles
 f - 2 bread rations
 i - a royal jelly
 o - a chunk of flesh


   Skills:
 + Level 2.5 Fighting
 + Level 2.7 Long Blades
 + Level 0.1 Polearms
 + Level 0.8 Throwing
 + Level 1.2 Armour
 + Level 2.2 Dodging
 + Level 0.4 Stealth
 + Level 2.2 Spellcasting
 + Level 0.3 Charms
 + Level 2.8 Translocations


You had 2 spell levels left.
You knew the following spells:

 Your Spells              Type           Power        Failure   Level  Hunger
a - Shroud of Golubria    Chrm/Tloc      #.........   24%         2    ###....
b - Gell's Gravitas       Tloc           #.........   28%         3    ###....


Dungeon Overview and Level Annotations

Branches:
Dungeon (3/15)

Altars:

Annotations:
D:3 Pixllover's ghost, amateur MiBe


Innate Abilities, Weirdness & Mutations

A weak demonic guardian rushes to your aid.
You are slightly more attuned to the shadows.
You can translocate small distances at will.
Your flesh is heat resistant. (rF+)
You have an increased reservoir of magic. (+10% MP)


Message History

Pixllover's ghost barely misses you.
Your shadow imp barely misses Pixllover's ghost.
You hit Pixllover's ghost but do no damage.
Pixllover's ghost is almost destroyed.
Pixllover's ghost misses you.
Your shadow imp hits Pixllover's ghost but does no damage.
You hit Pixllover's ghost but do no damage.
Pixllover's ghost is almost destroyed.
Pixllover's ghost barely misses you.
Your shadow imp completely misses Pixllover's ghost.
You barely miss Pixllover's ghost.
Pixllover's ghost is almost destroyed.
Pixllover's ghost hits you.
* * * LOW HITPOINT WARNING * * *
Your shadow imp hits Pixllover's ghost but does no damage.
You barely miss Pixllover's ghost.
Pixllover's ghost is almost destroyed.
Your shadow imp disappears in a puff of smoke!
Pixllover's ghost hits you!
You die...

#. (.. .
#.# ### r.
#.###.# ...
#.#..ยง#
#..##.###W#
#......@.#
#.##.#####


rW........... .....#.###### ###....# #. ..# #.#.># # ##.# You could see
Pixllover's ghost.

Vanquished Creatures
  3 adders (D:2)
  An ooze (D:1)
  2 worms (D:2)
  3 leopard geckos
  8 bats
  2 giant cockroaches
  4 hobgoblins
  6 jackals (D:1)
  2 frilled lizards
  2 goblins
  2 kobolds
  7 rats
42 creatures vanquished.

Notes
Turn   | Place    | Note
-------+----------+-------------------------------------------
     0 | D:1      | 4FPSwarrior the Demonspawn Warper began the quest for the Orb.
     0 | D:1      | Reached XP level 1. HP: 16/16 MP: 3/3
   216 | D:1      | Reached skill level 1 in Armour
   224 | D:1      | Gained mutation: A weak demonic guardian rushes to your aid. [demonic ancestry]
   224 | D:1      | Reached XP level 2. HP: 23/23 MP: 5/5
   517 | D:1      | Learned a level 2 spell: Shroud of Golubria
  1451 | D:2      | Reached XP level 3. HP: 28/28 MP: 6/6
  1978 | D:2      | Learned a level 3 spell: Gell's Gravitas
  2125 | D:2      | Gained mutation: You are slightly more attuned to the shadows. [demonic ancestry]
  2125 | D:2      | Reached XP level 4. HP: 34/34 MP: 7/7
  2299 | D:3      | Noticed Pixllover's ghost (amateur MiBe)
  2317 | D:3      | Gained mutation: Your flesh is heat resistant. (rF+) [potion of mutation]
  2317 | D:3      | Gained mutation: You can translocate small distances at will. [potion of mutation]
  2317 | D:3      | Gained mutation: You have an increased reservoir of magic. (+10% MP) [potion of mutation]
  2335 | D:3      | Mangled by Pixllover's ghost

Skill      XL: |  1  2 |
---------------+-------+-----
Armour         | 1 |  1.2
Long Blades    | 2 |  2.7
Dodging        | 2 |  2.2
Fighting       | |  2.5
Polearms       | |  0.1
Throwing       | |  0.8
Stealth        | |  0.4
Spellcasting   | |  2.2
Charms         | |  0.3
Translocations | |  2.8

Action                   |  1- 3 |  4- 6 || total
-------------------------+-------+-------++-------
Melee: Falchion          |    53 |       ||    53
       Spear             |    56 |    34 ||    90
Throw: Tomahawk          |     2 |       ||     2
 Cast: Shroud of Golubri |     3 |     1 ||     4
       Gell's Gravitas   |     1 |     1 ||     2
  Use: Potion            |     1 |     2 ||     3
       Scroll            |     2 |     1 ||     3
 Stab: Sleeping          |     4 |     1 ||     5
       Distracted        |       |     1 ||     1
  Eat: Chunk             |     4 |     1 ||     5
Armor: Leather armour    |    31 |     6 ||    37
Dodge: Dodged            |    96 |    25 ||   121
       Rpst.: Falchion   |    15 |       ||    15
